 Dungeon Crawl Stone Soup version 0.27.0-1-g7a089689b8 (webtiles) character file.

Game seed: 5397961927676940295

37 Hank the Covered (level 3, 0/33 HPs)
             Began as a Minotaur Fighter on Aug 11, 2021.
             Slain by Terence (9 damage)
             ... on level 2 of the Dungeon.
             The game lasted 00:02:37 (1509 turns).

Hank the Covered (Minotaur Fighter)                 Turns: 1509, Time: 00:02:39

Health: 0/33       AC:  7    Str: 21    XL:     3   Next: 23%
Magic:  2/2        EV:  7    Int:  5    God:
Gold:   86         SH:  9    Dex:  9    Spells: 2/2 levels left

rFire    . . .     SeeInvis .   a - +0 flail
rCold    . . .     Faith    .   c - +0 kite shield
rNeg     . . .     Spirit   .   b - +0 scale mail
rPois    .         Reflect  .   (helmet restricted)
rElec    .         Harm     .   (no cloak)
rCorr    .         Rampage  .   (no gloves)
Will     .....                  (no boots)
Stlth    ..........             (no amulet)
HPRegen  0.11/turn              (no ring)
MPRegen  0.08/turn              (no ring)

@: mighty
A: horns 2, retaliatory headbutt
a: no special abilities


You were on level 2 of the Dungeon.
You visited 1 branch of the dungeon, and saw 2 of its levels.

You collected 86 gold pieces.

Inventory:

Hand Weapons
 a - a +0 flail (weapon)
Missiles
 f - 12 stones
 j - 34 arrows
 q - 2 atropa-tipped darts (quivered)
Armour
 b - a +0 scale mail (worn)
 c - a +0 kite shield (worn)
 g - a +0 leather armour
 k - a +0 ring mail
Jewellery
 e - an amulet of faith
Scrolls
 h - a scroll of teleportation {unknown}
 i - a scroll of brand weapon {unknown}
 n - a scroll of enchant armour {unknown}
 p - a scroll of identify {unknown}
 r - a scroll of fear {unknown}
Potions
 l - a potion of degeneration {unknown}
 m - 2 potions of attraction {unknown}
 o - a potion of curing {unknown}
 s - a potion of haste {unknown}


   Skills:
 + Level 3.8 Fighting
 + Level 3.1 Maces & Flails
 + Level 4.1 Armour
 + Level 0.3 Stealth
 + Level 4.1 Shields


You had 2 spell levels left.
You didn't know any spells.
Your spell library was empty.

Dungeon Overview and Level Annotations

Branches:
Dungeon (2/15)

Altars:
Xom

Annotations:
D:2 Terence


Innate Abilities, Weirdness & Mutations

You have a pair of horns on your head.
You reflexively headbutt those who attack you in melee.


Message History

Terence appears confused.
Terence seems less confused.
A dart slug comes into view.
You barely miss Terence.
Terence is no longer blind.
Terence hits you with a +0 trident.
You thump Terence! Your headbutt misses Terence.
Terence is heavily wounded.
Terence barely misses you.
The dart slug bites you but does no damage.
Terence hits you with a +0 trident.
You hit Terence but do no damage.
Terence is heavily wounded.
Terence hits you with a +0 trident. You block the dart slug's attack.
You hit Terence but do no damage.
Terence is heavily wounded.
You block Terence's attack. The dart slug barely misses you.
Terence hits you but does no damage.
You sock Terence! You headbutt Terence, but do no damage.
Terence is almost dead.
Terence drinks a potion.
Terence is healed!
The dart slug launches a dart at you.
The slug dart hits you but does no damage.
You barely miss Terence. You block Terence's attack.
The dart slug barely misses you. You block Terence's attack.
You barely miss Terence. Terence hits you with a +0 trident.
The dart slug launches a dart at you. The slug dart hits you.
Sorry, you're not good enough to have a special ability.
You feel very mighty all of a sudden. Terence hits you with a +0 trident.
The dart slug launches a dart at you.
The slug dart hits you but does no damage.
You sock Terence!
Terence is moderately wounded.
Terence closely misses you. The dart slug launches a dart at you.
The slug dart hits you.
* * * LOW HITPOINT WARNING * * *
Terence hits you with a +0 trident!
You die...

#........# .. #..<.....#
..####### #........#
......... #........#
#......(# #........#
......# ?#........#
....###.####.##.##
########w.@...# #.....#
#........@..#####...#.####
#...............#<..†.....
#..........####.#.#.......
#.............# #.........
#........####.#.###†......
#........# #.#...........
#........# #.######......
#........# #........>....
########## ########......


You could see Terence and a dart slug.

Vanquished Creatures
  2 dart slugs (D:1)
  5 bats
  4 endoplasms
  3 goblins (D:1)
  6 hobgoblins (D:1)
  2 quokkas
  2 frilled lizards
  4 kobolds (D:1)
28 creatures vanquished.

Notes
Turn   | Place    | Note
-------+----------+-------------------------------------------
     0 | D:1      | Hank the Minotaur Fighter began the quest for the Orb.
     0 | D:1      | Reached XP level 1. HP: 19/19 MP: 0/0
   308 | D:1      | Reached XP level 2. HP: 27/27 MP: 1/1
   992 | D:1      | Found a faded altar of an unknown god.
  1112 | D:1      | Reached XP level 3. HP: 27/33 MP: 2/2
  1364 | D:2      | Found a shimmering altar of Xom.
  1496 | D:2      | Noticed Terence
  1509 | D:2      | Slain by Terence

Illustrated notes

Levels and vault maps discovered:
D:1:      psy_arrival_basics, layout_basic,
          shapermc_ecumenical_altar_mp_vishouse, minmay_misc_feat_doors
D:2:      layout_basic, basic_altar, uniq_terence, uniq_jessica

Skill      XL: |  1  2 |
---------------+-------+-----
Shields        | 4 |  4.1
Armour         | 4 |  4.1
Maces & Flails | 3 |  3.1
Fighting       | |  3.8
Stealth        | |  0.3

Action                   || total
-------------------------++-------
Melee: Flail             ||    73
       Headbutt          ||     8
Throw: Dart              ||     1
  Use: Potion            ||     1
Armor: Scale mail        ||    39
Dodge: Dodged            ||    29
Block: Kite shield       ||    47
